[Event "Czech Championship 2022"]
[Site "Usti nad Labem"]
[Date "2022.05.16"]
[Round "3.19"]
[White "Ret, Adam Josef"]
[Black "Jun, Rudolf"]
[Result "0-1"]
[ECO "A30"]
[WhiteElo "2093"]
[BlackElo "2183"]
[Annotator "TA"]
[PlyCount "98"]
[EventDate "2022.05.12"]
[EventType "swiss"]
[EventCountry "CZE"]
[SourceTitle "playchess.com"]
[Source "ChessBase"]
[SourceQuality "1"]
[TimeControl "40/5400+30:1800+30"]

1. d4 Nf6 2. Nf3 e6 3. c4 b6 4. g3 Bb7 5. Bg2 Be7 6. O-O c5 7. Nc3 cxd4 8. Nxd4 Bxg2 9. Kxg2 O-O 10. b3 d5 {[%emt 0:01:50] A30: Symmetrical English: Double Fianchetto and Hedgehog.} 11. cxd5 Nxd5 12. Nxd5 Qxd5+ {[%emt 0:00:10] The position is equal.} 13. Nf3 {[%emt 0:00:03] [#]} Qf5 $146 ({Predecessor:} 13... Qe4 14. Be3 Rd8 15. Qb1 Qb7 16. Kg1 h6 17. Bd4 Nc6 {½-½ (46) Lye,L (2321)-Nguyen,N (2641) Makati 2018}) 14. Bb2 Rd8 15. Qb1 Qxb1 16. Raxb1 f6 17. Rfd1 Rxd1 18. Rxd1 Kf7 19. Rc1 {[%emt 0:03:49] And now Rc8 would win.} Na6 20. Nd4 Rd8 21. Kf1 Bc5 22. Nf3 e5 23. a3 e4 24. Ne1 Rd2 25. Nc2 b5 26. Ke1 Rd5 27. Bc3 Rh5 28. h4 g5 29. hxg5 (29. b4 $14 Bb6 30. Bd4) 29... fxg5 {[%emt 0:04:20] [#]} (29... Rh1+ $11 {keeps the balance.} 30. Kd2 Rxc1 31. Kxc1 Bxf2) 30. Bd4 (30. Kd2 $1 $16) 30... Rh1+ $11 31. Kd2 Rxc1 32. Kxc1 {[%emt 0:00:03][%mdl 4096] Endgame KBN-KBN} h5 33. b4 $2 (33. Kd2 $11 {and White is okay.}) 33... Bxd4 $19 34. Nxd4 {[%emt 0:00:05] KN-KN} h4 35. gxh4 gxh4 {[%emt 0:00:08] ...Kg6 is the strong threat.} 36. Nf5 ({Of course not} 36. Nxb5 Kf6 37. Nc3 Ke5 $17) 36... h3 37. Nd6+ Ke6 38. Nxe4 {[%emt 0:00:07] [#]} h2 ({Black should try} 38... Kd5 $1 39. f3 Kc4) 39. Ng3 $17 Kd5 {[%emt 0:00:26][%mdl 1024] Hoping for ...Kc4. Black has strong compensation.} 40. Kc2 $2 (40. Kd2 $15) 40... Kc4 $19 41. f4 Nc7 42. Kd2 Nd5 $2 (42... Kb3 $19 43. Nh1 Kxa3) 43. e3 $2 (43. f5 $15) 43... Kb3 44. f5 Kxa3 {[%emt 0:01:57] aiming for ...Nf6.} 45. e4 Nf6 {[%emt 0:05:41][%cal Of6e4] Strongly threatening ...Nxe4+!} 46. Kd3 {[%emt 0:00:18] Black must now prevent e5.} Kxb4 47. e5 $2 {[%emt 0:01:38] [#]} (47. Kd4 Nh5 48. Nh1) 47... Nh5 $1 {[%emt 0:01:27][%mdl 512] Black is clearly winning.} 48. Nh1 (48. f6 Nxg3) 48... Kc5 49. Ke4 Ng7 {[%emt 0:00:49] Weighted Error Value: White=0.82/Black=0.23 (precise)} 0-1

[Event "Czech Championship 2022"]
[Site "Usti nad Labem"]
[Date "2022.05.16"]
[Round "3.20"]
[White "Soucek, Petr"]
[Black "Jirasko, Miroslav"]
[Result "1-0"]
[ECO "D00"]
[WhiteElo "2177"]
[BlackElo "2091"]
[Annotator "TA"]
[PlyCount "97"]
[EventDate "2022.05.12"]
[EventType "swiss"]
[EventCountry "CZE"]
[SourceTitle "playchess.com"]
[Source "ChessBase"]
[SourceQuality "1"]
[TimeControl "40/5400+30:1800+30"]

1. d4 Nf6 2. Nc3 d5 3. Bf4 c5 4. e4 dxe4 5. dxc5 Qxd1+ (5... Nbd7 $11 {should be considered.}) 6. Rxd1 $14 {[%emt 0:00:09] D00: 1 d4 d5: Unusual lines.} a6 {[%emt 0:00:11] Inhibits Nb5.} 7. Nge2 Bf5 {[%emt 0:20:47] [#]} 8. Nd4 $146 {[%emt 0:03:35] White is better.} ({Predecessor:} 8. Ng3 Bg6 9. h4 h6 10. h5 Bh7 11. b4 Nc6 12. a3 e6 13. Bc4 Be7 14. O-O {1-0 (29) Niemann,H (2465)-Svetushkin,D (2515) Chess.com INT 2020}) 8... Bg4 9. Rd2 $40 {[%emt 0:08:17][%mdl 128] White attacks.} Nbd7 10. c6 bxc6 11. Nxc6 e6 12. h3 Bh5 13. Be3 {[%emt 0:05:24] 0x0.001ab44959b0dp-1022s more active pieces. The black rooks are badly placed.} Bc5 14. Bxc5 Nxc5 15. g4 (15. Rd4 $16) 15... Bg6 16. Bg2 h5 {[%emt 0:17:02] White leaves nothing to chance now.} ({Better is} 16... Nfd7 $14) 17. Ne5 $16 hxg4 18. hxg4 Rxh1+ 19. Bxh1 {[%emt 0:00:07] aiming for g5.} Rb8 20. b3 Bh7 21. g5 Nh5 (21... Nfd7 $16 {was necessary.}) 22. g6 Bxg6 23. Nxg6 fxg6 24. Nxe4 Nxe4 25. Bxe4 $18 {[%emt 0:00:07][%mdl 4096] Endgame KRB-KRN} Nf4 (25... Ke7 26. Rd4 (26. Bxg6 Nf4 $16) 26... a5 27. Bxg6 Nf6) 26. Rd6 Ke7 27. Rxa6 Kf6 28. f3 Rh8 29. Kd2 Rh2+ 30. Kc3 g5 31. b4 {[%emt 0:00:59] [#] Strongly threatening b5.} Re2 (31... g4 $142 32. fxg4 Ke5) 32. Kd4 Rd2+ 33. Bd3 Nxd3 34. cxd3 {[%emt 0:00:06] KR-KR} Rb2 35. a3 Kf5 36. Ke3 Rb3 37. Ra5+ e5 38. b5 {[%emt 0:00:43] [#] Black must now prevent Kd2.} g4 39. fxg4+ Kxg4 40. a4 Kf5 41. Ra8 {[%emt 0:30:59] And now Rb8 would win.} g5 42. Rb8 e4 43. Rf8+ (43. b6 $142 Rxd3+ 44. Ke2) 43... Kg4 44. Kxe4 Rb4+ 45. Kd5 {[%emt 0:00:08] Threatening mate with Kc5.} Rxa4 46. b6 Ra5+ 47. Kc6 {[%emt 0:00:51] Intending b7 and mate.} Ra3 48. b7 Rc3+ 49. Kd5 {[%emt 0:00:39] Weighted Error Value: White=0.21 (precise) /Black=0.83} 1-0

[Event "Czech Championship 2022"]
[Site "Usti nad Labem"]
[Date "2022.05.16"]
[Round "3.21"]
[White "Sura, Jaroslav"]
[Black "Vojta, Jakub"]
[Result "0-1"]
[ECO "B23"]
[WhiteElo "2010"]
[BlackElo "2396"]
[Annotator "TA"]
[PlyCount "56"]
[EventDate "2022.05.12"]
[EventType "swiss"]
[EventCountry "CZE"]
[SourceTitle "playchess.com"]
[Source "ChessBase"]
[SourceQuality "1"]
[TimeControl "40/5400+30:1800+30"]

1. e4 c5 2. Nc3 g6 3. f4 Bg7 4. Nf3 Nc6 5. Bb5 Nd4 6. a4 a6 7. Bd3 Nf6 8. Nxd4 cxd4 9. Ne2 d6 10. O-O O-O {[%emt 0:00:29] B23: Closed Sicilian: Lines without g3.} 11. Kh1 {[%emt 0:02:31] [#]} e5 $1 12. c3 {[%emt 0:03:51] [#]} exf4 $146 {[%emt 0:04:17] Black is better.} ({Predecessor:} 12... dxc3 13. dxc3 d5 14. exd5 Qxd5 15. fxe5 Ng4 16. Nf4 Qxe5 17. Qf3 Bf5 18. Bxf5 Qxf5 19. Nd3 {½-½ (19) Nivala,T (2218)-Haapasalo,J (2148) Heinola 2002}) 13. Nxd4 d5 ({Much weaker is} 13... Bg4 14. Be2 Bxe2 15. Qxe2 $11) (13... g5 $5 ) 14. exd5 Nxd5 (14... Re8 {looks sharper.} 15. Bc4 Bg4 16. Nf3 Nxd5 17. d4 Ne3) 15. Qf3 Bxd4 16. cxd4 Be6 17. b3 Qd7 18. Ba3 Rfe8 (18... Bg4 $5 19. Qf2 Rfe8 $11) 19. Bc4 b5 20. axb5 axb5 21. Bxd5 {[%emt 0:00:33][%mdl 8192] Loses the game.} (21. Be2 $17 {is a better chance.}) 21... Bxd5 $19 ({Worse is} 21... Qxd5 22. Qxf4 Qxb3 23. Bd6 Rxa1 24. Rxa1 $17) 22. Qxf4 (22. Qd1 $142 b4 23. Bb2) 22... Re2 23. Rf2 Qe7 24. b4 $2 (24. Kg1 b4 25. Bb2 Rxa1+ 26. Bxa1) 24... Re4 25. Qg3 {[%emt 0:04:13] [#]} Rxa3 $1 26. Qxa3 (26. Qb8+ Kg7) 26... Re1+ {[%emt 0:00:02] Black mates.} 27. Rf1 {[%emt 0:00:18] [#]} Qe2 $1 28. Rg1 (28. Qa8+ Kg7) 28... Bxg2# {[%emt 0:00:06] Weighted Error Value: White=1.23/Black=0.24 (precise)} 0-1

[Event "Czech Championship 2022"]
[Site "Usti nad Labem"]
[Date "2022.05.16"]
[Round "3.22"]
[White "Paulus, Vaclav"]
[Black "Babula, Vlastimil jr"]
[Result "0-1"]
[ECO "B23"]
[WhiteElo "2093"]
[BlackElo "2217"]
[Annotator "TA"]
[PlyCount "90"]
[EventDate "2022.05.12"]
[EventType "swiss"]
[EventCountry "CZE"]
[SourceTitle "playchess.com"]
[Source "ChessBase"]
[SourceQuality "1"]
[TimeControl "40/5400+30:1800+30"]

1. e4 c5 2. Nc3 Nc6 3. Bb5 g6 4. Bxc6 dxc6 5. f4 e5 6. Nf3 {[%emt 0:04:23] B23: Closed Sicilian: Lines without g3.} (6. d3 $14) 6... exf4 $15 {[%emt 0:02:41] [#]} 7. d3 $146 ({Predecessor:} 7. O-O g5 8. Kh1 h6 9. d3 Ne7 10. e5 Bf5 11. g3 fxg3 12. e6 Bxe6 13. Ne4 {0-1 (20) Sciortino,M (2201)-Ivanov,J (2446) Montecatini Terme 2001}) 7... g5 8. h4 (8. Qe2 $15) 8... g4 $17 9. Ne5 Bd6 (9... Nf6 $1 $15) 10. Nxg4 ({Wrong is} 10. Bxf4 $2 Qf6 11. Qd2 Ne7 $19) (10. Nc4 $5 ) 10... h5 $1 11. Nf2 Ne7 12. Qe2 (12. d4 $1 $15) 12... Be5 13. Bd2 Ng6 14. O-O-O Be6 15. Rdf1 $1 Qd7 ({Black should try} 15... Qa5 $15) 16. Nh3 $11 Bg4 {[%emt 0:00:51] This bishop pair is nice.} 17. Qe1 f3 18. Rxf3 Bxf3 19. gxf3 O-O-O 20. f4 Bg7 21. e5 f5 {[%emt 0:01:36] [#] Inhibits Ne4.} (21... c4 $1 $11) 22. Ng5 (22. Qg1 $1 $16 Nf8 23. Qxc5) 22... Rde8 (22... c4 $11) 23. Qf2 b6 24. Rg1 Nf8 25. Qf3 Ne6 26. Nxe6 (26. Nd1 $16) 26... Rxe6 $14 27. Nb5 Bf8 {[%emt 0:01:46] Inhibits Nd6+.} 28. Nc3 Qf7 29. Be3 (29. Nd1 $11) 29... Rg6 $15 30. Re1 Qe6 31. Bf2 Kb8 32. Ne2 (32. b3 $15) 32... Qxa2 $17 {[%emt 0:00:00] Strongly threatening ...Qa1+.} 33. c4 Qa6 34. Ng3 {[%emt 0:01:47] [#]} Qc8 ({But not} 34... Qa1+ 35. Kc2 Qa4+ 36. Kb1 $14) 35. d4 (35. Nxh5 $17 {was worth a try.} Be7 36. Nf6) 35... cxd4 $19 36. Qd3 Bh6 (36... Bb4 $19 37. Re2 Rf8 38. Bxd4 Rd8) 37. Nxf5 $17 {[%emt 0:00:21] Black must now prevent Ne7.} Bxf4+ 38. Kb1 Re6 {[%emt 0:00:00] Prevents Ne7.} (38... Rg4 $17 {And now ...c5 would win.} 39. Bxd4 c5) 39. Bxd4 (39. Nxd4 $11 {keeps the balance.} Rxe5 40. Re4 Rxe4 41. Qxe4) 39... c5 40. Nd6 $2 {[%emt 0:00:11][%mdl 8192] Now White is beyond hope.} (40. Bc3 $1 $15) 40... Rxd6 $19 41. exd6 cxd4 42. Qxd4 {[%emt 0:00:05] Threatens to win with d7.} Qf5+ 43. Ka2 Rd8 {[%emt 0:00:00] Black is clearly winning.} 44. Rf1 Qa5+ 45. Kb3 Bxd6 {[%emt 0:00:00] Weighted Error Value: White=0.47/Black=0.30} 0-1

[Event "Czech Championship 2022"]
[Site "Usti nad Labem"]
[Date "2022.05.16"]
[Round "3.23"]
[White "Hladky, Tadeas"]
[Black "Sykora, Ondrej"]
[Result "1/2-1/2"]
[ECO "C74"]
[WhiteElo "2119"]
[BlackElo "2092"]
[Annotator "TA"]
[PlyCount "139"]
[EventDate "2022.05.12"]
[EventType "swiss"]
[EventCountry "CZE"]
[SourceTitle "playchess.com"]
[Source "ChessBase"]
[SourceQuality "1"]
[TimeControl "40/5400+30:1800+30"]

1. e4 e5 2. Nf3 Nc6 3. Bb5 a6 4. Ba4 d6 5. c3 Nf6 6. Bc2 {[%emt 0:02:23] C74: Ruy Lopez: Deferred Steinitz: 5 c3 f5.} (6. O-O $14) 6... Bg4 ({Black should play} 6... d5 $1 $15 7. d4 Bg4) 7. O-O Be7 8. h3 Bh5 9. Re1 O-O 10. d3 d5 11. Nbd2 {[%emt 0:02:44] [#]} dxe4 $146 ({Predecessor:} 11... Bc5 12. Qe2 Re8 13. Nf1 h6 14. g4 Bg6 15. Ng3 d4 16. a3 dxc3 17. bxc3 Nh7 {0-1 (37) Barrio Pareja,E (2061)-Sanz Alonso,F (2410) La Laguna 2009}) 12. Nxe4 Nxe4 13. dxe4 Bc5 14. Qe2 h6 15. Be3 Bxe3 16. Qxe3 Qe7 17. Rad1 Rad8 18. Rd5 Bxf3 19. Qxf3 Rd6 20. Red1 Rfd8 21. Bb3 Rf6 22. Qg4 Rfd6 23. Qf5 g6 24. Qf3 Kg7 25. Rxd6 Rxd6 26. Rxd6 cxd6 $11 {[%emt 0:00:02][%mdl 4096] Endgame KQB-KQN} 27. Bd5 Qc7 28. Qd3 Ne7 {[%emt 0:01:19] The position is equal.} 29. Bb3 Ng8 30. g3 Nf6 31. Kg2 Qc6 32. Kf3 Qd7 33. Kg2 Qc6 34. Kf3 Qd7 35. Kg2 Qc6 36. Kf3 Nh7 37. h4 Nf6 38. Qc4 Qd7 39. Kg2 Ne8 40. Qa4 Qxa4 41. Bxa4 {[%emt 0:30:06] KB-KN} Nc7 42. Bd7 Kf8 43. Bc8 b6 44. Kf3 Ke7 45. Ke3 a5 46. Kd3 d5 47. exd5 Nxd5 48. Kc4 Kd6 49. Bb7 Nc7 50. a4 f5 51. Bc8 Nd5 52. Kb5 Kc7 {[%emt 0:00:00] Prevents Bb7.} 53. Be6 Nf6 {[%emt 0:00:00] [#] ...Ne4 is the strong threat.} 54. Bf7 g5 55. hxg5 hxg5 56. Bg6 Ne4 57. Kc4 Kc6 58. g4 Nd6+ 59. Kd3 fxg4 60. Bh5 Kd5 {[%emt 0:00:00] [#] And now ...e4+ would win.} 61. b3 e4+ 62. Ke2 g3 63. fxg3 Ke5 64. Bg4 b5 65. Bd7 bxa4 66. Bxa4 Nb7 67. b4 axb4 68. cxb4 Kd4 69. Bc6 Nd6 70. b5 {[%emt 0:00:00] Weighted Error Value: White=0.08 (flawless) /Black=0.07 (flawless)} 1/2-1/2

[Event "Czech Championship 2022"]
[Site "Usti nad Labem"]
[Date "2022.05.16"]
[Round "3.24"]
[White "Bokhnak, Timofey"]
[Black "Pokrupa, Marek"]
[Result "1-0"]
[ECO "B07"]
[WhiteElo "2060"]
[BlackElo "2117"]
[Annotator "TA"]
[PlyCount "115"]
[EventDate "2022.05.12"]
[EventType "swiss"]
[EventCountry "CZE"]
[SourceTitle "playchess.com"]
[Source "ChessBase"]
[SourceQuality "1"]
[TimeControl "40/5400+30:1800+30"]

1. e4 d6 2. d4 Nf6 3. Bd3 e5 4. Ne2 Nc6 5. c3 d5 6. exd5 Qxd5 7. O-O {[%emt 0:00:55] [#] B07: Pirc Defence: Miscellaneous Systems.} Qd6 $146 ({Predecessor:} 7... exd4 8. Re1 Be7 9. cxd4 O-O 10. Nbc3 Qd8 11. a3 Bg4 12. Qc2 Re8 13. Be3 Bd6 14. h3 Bh5 {1-0 (96) Nakamura,H (2741)-Movsesian,S (2721) Moscow 2010}) 8. Na3 {[%emt 0:05:48] Threatens to win with Nc4.} exd4 9. Nb5 {[%emt 0:01:34] White is better.} Qd8 (9... Qe5 $2 10. Bf4 Qe7 11. Nxc7+ Kd8 12. Nxa8 $18) 10. Nexd4 Nxd4 11. Nxd4 Be7 12. Bg5 O-O 13. Re1 Re8 ({Black should try} 13... h6 $14 14. Bh4 Bd6) 14. Bc4 $16 h6 15. Bh4 Nd5 $2 {[%emt 0:19:58] [#]} (15... c6 $16) 16. Bxd5 $2 (16. Rxe7 $1 $18 {[%mdl 512] is more deadly.} Rxe7 17. Bxd5 Qxd5 18. Bxe7) 16... Bxh4 17. Qh5 (17. Bxf7+ Kxf7 18. Qh5+ g6 19. Qxh6 Rh8 $17) 17... Rf8 18. Nf3 $1 {[%emt 0:02:04] 0x0.001a2c23c0acdp-1022s more active pieces. The black rooks are badly placed.} Bg5 19. Rad1 {[%emt 0:05:16][%cal Od5f7] Bxf7+! is the strong threat.} Qf6 {[%emt 0:00:39] White must now prevent ...g6.} 20. Nxg5 hxg5 21. Qf3 (21. Be4 g6 22. Qf3 Qxf3 23. Bxf3 Be6 $11) (21. h4 $16 gxh4 22. Rd4 (22. Be4 g6 $11)) 21... c6 22. Qxf6 gxf6 23. Bb3 $36 {[%emt 0:00:12][%cal Of2f4][%mdl 2048] White is more active.} a5 24. a3 a4 25. Ba2 Ra5 26. Rd4 (26. f4 $5) 26... c5 27. Rd6 Rb5 28. Re2 (28. Rxf6 $6 Rxb2 29. Bc4 Kg7 $11) 28... Kg7 (28... Be6 $16 {was called for.}) 29. f3 (29. Bc4 $18 Ra5 30. Rb6) 29... Bf5 ({Better is} 29... Be6 $1 $14 30. Bxe6 fxe6) 30. Bc4 $18 Ra5 31. Rb6 {[%emt 0:00:24] Prevents b5.} Raa8 32. Rxb7 Rab8 33. Ree7 Rxb7 34. Rxb7 {[%emt 0:00:07][%mdl 4096] Endgame KRB-KRB} Bg6 35. Bd5 Rd8 {[%emt 0:01:45] [#]} 36. c4 Re8 {[%emt 0:00:04] [#]} 37. Kf2 $1 {[%emt 0:00:03] Against Re2+} f5 (37... Bd3 $142 38. f4 (38. Rxf7+ Kg6 $18) (38. Bxf7 Re2+ 39. Kg3 f5 $16) 38... Kh6) 38. Bc6 Rd8 39. Rd7 {[%emt 0:00:05] Inhibits Rd2+.} (39. Bxa4 Rd2+ 40. Kg1 Rd4 $16) 39... Rh8 40. h3 Rb8 41. Bb5 ({Weaker is} 41. Bxa4 Rxb2+ 42. Kg1 Ra2 $14) 41... Kf6 42. Rd6+ ({Not} 42. Bxa4 Rxb2+ 43. Kg3 f4+ 44. Kh2 Ra2 $11) 42... Ke7 43. Rd5 Rd8 $2 (43... f6 44. Rxc5 f4 45. Rc7+ Ke6) 44. Rxd8 Kxd8 45. Bxa4 {[%emt 0:00:00] KB-KB} f4 46. Bc6 Bd3 47. Bd5 f6 48. g3 fxg3+ 49. Kxg3 Kc7 50. b4 Kd6 51. f4 Be2 52. Kf2 (52. h4 $142 gxh4+ 53. Kxh4) 52... Bd3 53. Kg3 (53. fxg5 $142 cxb4 54. axb4 fxg5 55. Ke3) 53... Be2 $1 54. h4 gxh4+ 55. Kxh4 Bd1 56. Kg3 Ba4 57. Kg4 Bc2 58. Kh5 {[%emt 0:00:00] Weighted Error Value: White=0.20 (precise) /Black=0.39} 1-0